cohdb
Replays
Latest Replays
All Replays
Popular Replays
Top Player Replays
Match Explorer
How It Works
Community
CoH3 Stats
Reddit
Sign in to upload your games and track your stats! →
Sign in with Steam
Match 43946466
Unlisted
Match 43946466
Overview
Messages
Build Orders
End
Vickers Machine Gun Team
Construct Section Command Post
Infantry Section
ML 3-inch Mortar Team
Infantry Section
Construct Platoon Command Post
Selects Canadian Shock Battlegroup
Selects Offensive Resupply
Selects Canadian Shock Section
CMP 15cwt Truck
6-pounder Anti-tank Gun Team
Unlock Bishop Self-propelled Artillery
Infantry Training
Canadian Shock Section
Grenade Package
Bishop Self-propelled Artillery
Selects Incendiary Munitions
Selects Pyrotechnics
Bishop Self-propelled Artillery
Construct Company Command Post
Canadian Shock Section
Selects Demolition Engineering
Selects Smoke Operation
Selects Point Assault
ShiftyParadigm
Stormless
Heywooo
Big_Jesus@_lance>a_lot
Lt' Aldo Raine
Stark -_-
0
0
Comments
sign in to comment!
No comments posted yet!